 Dungeon Crawl Stone Soup version 0.23-a0-49-gd9f7a49668 (webtiles) character file.

9 LLavrengius the Shield-Bearer (level 2, -2/21 HPs)
             Began as an Octopode Fighter on Aug 6, 2018.
             Slain by a worker ant (3 damage)
             ... on level 2 of the Dungeon.
             The game lasted 00:01:55 (452 turns).

LLavrengius the Shield-Bearer (Octopode Fighter)     Turns: 452, Time: 00:01:55

Health: -2/21      AC:  1    Str: 15    XL:     2   Next: 16%
Magic:  2/2        EV: 11    Int: 10    God:
Gold:   81         SH:  8    Dex: 11    Spells: 1/1 levels left

rFire    . . .     SeeInvis .     - Unarmed
rCold    . . .     Gourm    .   a - +0 shield
rNeg     . . .     Faith    .   (helmet restricted)
rPois    .         Spirit   .   (no amulet)
rElec    .         Reflect  .   (no ring)
rCorr    .         Harm     .   (no ring)
MR       .....                  (no ring)
Stlth    ++........             (no ring)
HPRegen  0.07/turn              (no ring)
MPRegen  0.08/turn              (no ring)
                                (no ring)
                                (no ring)

@: lethally poisoned (-2 -> -16)
A: almost no armour, stealthy swim, amphibious, 8 rings, constrict 8, camouflage
1, gelatinous body 1
a: no special abilities


You were on level 2 of the Dungeon.
You were not hungry.

You visited 1 branch of the dungeon, and saw 2 of its levels.

You collected 81 gold pieces.

Inventory:

Missiles
 g - 16 bolts
Armour
 a - a +0 shield (worn)
Scrolls
 d - 3 scrolls of remove curse {unknown}
 h - a scroll of teleportation {unknown}
Potions
 b - a potion of might
 e - a potion of invisibility {unknown}
 i - a potion of mutation {unknown}
Comestibles
 c - 3 rations
 f - a chunk of flesh


   Skills:
 + Level 3.2 Fighting
 - Level 3.0 Dodging
 * Level 3.4 Shields
 - Level 2.0 Unarmed Combat


You had one spell level left.
You didn't know any spells.
Your spell library was empty.

Dungeon Overview and Level Annotations

Branches:
Dungeon (2/15)

Altars:


Innate Abilities, Weirdness & Mutations

You cannot wear most types of armour.
You are very stealthy in the water. (Stealth+)
You are amphibious.
You can wear up to eight rings at the same time.
You can use your tentacles to constrict eight enemies at once.
Your skin changes colour to match your surroundings (Stealth+).
Your rubbery body absorbs attacks. (AC +1, EV +1)


Message History

You constrict the worker ant, but do no damage.
* * * LOW HITPOINT WARNING * * *
You feel sick. You block the worker ant's attack.
You tentacle-slap the worker ant but do no damage.
The worker ant is moderately wounded.
You constrict the worker ant.
* * * LOW HITPOINT WARNING * * *
You feel sick. You block the worker ant's attack.
You tentacle-slap the worker ant but do no damage.
You squeeze the worker ant.
The worker ant is heavily wounded.
You constrict the worker ant, but do no damage.
* * * LOW HITPOINT WARNING * * *
You feel sick. You block the worker ant's attack.
You tentacle-slap the worker ant.
The worker ant is severely wounded.
You constrict the worker ant.
* * * LOW HITPOINT WARNING * * *
You feel sick. The worker ant bites you.
You die...

#######?#
#..@a...#
#.#######
#.#<...#
#.####.###
#........#
##########


You could see a worker ant.

Vanquished Creatures
  A hobgoblin (D:1)
  2 jackals (D:1)
  A bat (D:1)
  2 goblins (D:1)
  A kobold (D:1)
  3 rats (D:1)
10 creatures vanquished.

Notes
Turn   | Place    | Note
-------+----------+-------------------------------------------
     0 | D:1      | LLavrengius the Octopode Fighter began the quest for the Orb.
     0 | D:1      | Reached XP level 1. HP: 16/16 MP: 1/1
   181 | D:1      | Reached XP level 2. HP: 21/21 MP: 2/2
   452 | D:2      | HP: 1/21 [poisoned by a worker ant]
   452 | D:2      | Slain by a worker ant

Vault maps used:
D:1:      co_arrival_random_square_maze
D:2:      first_ration, uniq_robin

Action                   || total
-------------------------++-------
Melee: Unarmed           ||    18
       Tentacles         ||     7
       Constrict         ||     5
 Stab: Sleeping          ||     5
Armor: Skin              ||     1
Dodge: Dodged            ||     1
Block: Shield            ||     5

Table legend:
 A = Spawn XP
 B = Non-spawn XP
 C = Spawn XP percentage of total XP
 D = Spawn monster count
 E = Non-spawn monster count
 F = Spawn count percentage of total count
 G = Total turns spent on level
                    A         B        C        D         E        F      G
               +---------+---------+-------+---------+---------+-------+---------
         Total |       0 |      14 |   0.0 |       0 |      10 |   0.0 |   452
               +---------+---------+-------+---------+---------+-------+---------
           D:1 |       0 |      14 |   0.0 |       0 |      10 |   0.0 |   433
               +---------+---------+-------+---------+---------+-------+---------
